 Dungeon Crawl Stone Soup version 0.29.0-13-gc9e81de378 (webtiles) character file.

Game seed: 14579125315121788869

172 sanka the Ruffian (level 5, -4/40 HPs)
             Began as a Draconian Transmuter on Sept 8, 2022.
             Constricted to death by Pikel (7 damage)
             ... on level 4 of the Dungeon.
             The game lasted 00:04:31 (5178 turns).

sanka the Ruffian (Draconian Transmuter)            Turns: 5178, Time: 00:04:31

Health: -4/40      AC:  5    Str: 12    XL:     5   Next: 27%
Magic:  6/8        EV:  9    Int: 16    God:
Gold:   89         SH:  0    Dex: 14    Spells: 2/8 levels left

rFire   . . .      SeeInvis .   s - +4 quarterstaff of Xexzoif {spect, *Noise Dex+3 Stlth+}
rCold   . . .      Faith    .   (shield currently unavailable)
rNeg    . . .      Spirit   .   (body armour unavailable)
rPois   .          Reflect  .   (helmet restricted)
rElec   .          Harm     .   (no cloak)
rCorr   .          Rampage  .   (no gloves)
Will    .....                   (no boots)
Stlth   ++........              (no amulet)
HPRegen 0.13/turn               (no ring)
MPRegen 0.11/turn               (no ring)

@: wereblooded, grasped by roots, constricted
A: AC +5, unfitting armour, cold-blooded
a: no special abilities


You were on level 4 of the Dungeon.
You visited 1 branch of the dungeon, and saw 4 of its levels.

You collected 89 gold pieces.


Innate Abilities, Weirdness & Mutations

Your plain brown scales are hard. (AC +5)
You cannot fit into any form of body armour.
You are cold-blooded and may be slowed by cold attacks.


   Skills:
 - Level 1.1 Fighting
 - Level 1.7 Dodging
 + Level 4.7 Unarmed Combat
 - Level 2.0 Spellcasting
 + Level 4.1 Transmutations


You had 2 spell levels left.
You knew the following spells:

 Your Spells              Type           Power      Damage    Failure   Level
x - Spider Form           Tmut/Pois      8%         N/A       26%         3
y - Wereblood             Tmut           14%        N/A       5%          2
z - Beastly Appendage     Tmut           28%        N/A       3%          1

Your spell library contained the following spells:

 Spells                   Type           Power      Damage    Failure   Level
 Sublimation of Blood     Necr           1%         N/A       30%         2
 Ozocubu's Armour         Ice            1%         N/A       52%         3
 Ice Form                 Ice/Tmut       8%         N/A       65%         4
 Petrify                  Tmut/Erth      8%         N/A       65%         4
 Airstrike                Air            0%         2d(1-17)  90%         4
 Summon Lightning Spire   Summ/Air       1%         N/A       90%         4
 Irradiate                Conj/Tmut      4%         3d13      94%         5
 Lightning Bolt           Conj/Air       0%         1d11      99%         5
 Ozocubu's Refrigeration  Ice            0%         4d7       100%        7

Inventory:

Hand Weapons
 s - the +4 quarterstaff of Xexzoif (weapon) {spect, *Noise Dex+3 Stlth+} When its wielder attacks, the weapon's spirit leaps out and strikes again. The spirit shares a part of any damage it takes with its wielder. Dex: It affects your dexterity (+3). *Noise: It may make noises in combat. Stlth: It makes you more stealthy.
Missiles
 t - a curare-tipped dart {=f}
Magical Staves
 c - a staff of poison
 g - a staff of earth
Jewellery
 l - an amulet of magic regeneration
 p - a +6 ring of strength
Scrolls
 b - 4 scrolls of identify {unknown}
 d - a scroll of fog {unknown}
 j - 2 scrolls of amnesia {unknown}
 m - a scroll of magic mapping {unknown}
 o - a scroll of teleportation {unknown}
 q - a scroll of silence {unknown}
 r - 2 scrolls of enchant armour {unknown}
Potions
 a - a potion of lignification {!q}
 e - a potion of ambrosia {unknown}
 f - 3 potions of heal wounds {unknown}
 h - 3 potions of resistance {unknown}
 i - a potion of haste {unknown}
 k - 2 potions of brilliance {unknown}
 n - a potion of attraction {unknown}

Dungeon Overview and Level Annotations

Branches:
Dungeon (4/15)
 Temple: D:4-7

Altars:
Gozag
Xom

Annotations:
D:2 1 runed translucent door, Crazy Yiuf
D:4 Pikel

..........[..
............ ▒
.....£.... .. ..
........ ... ... ▒.....
.... .......▒▒▒▒▒....▒▒
.....
...............K5▒......
..£...........(d.......
.............▒▒5......
▒....▒......▒▒.......
▒▒.▒▒▒▒......▒.......
▒....▒.......▒.......
▒▒....)...▒▒▒.▒▒..▒...
▒..>......▒ ..▒..▒...
.▒▒▒......▒.▒▒▒.▒▒.▒▒ ..
.........▒▒...▒.▒


You could see Pikel, 2 lemures and a friendly +4 quarterstaff of Xexzoif {spect,
*Noise Dex+3 Stlth+} (summoned).


Message History

The roots erupt in riotous growth!
Your +4 quarterstaff of Xexzoif {spect, *Noise Dex+3 Stlth+} is unaffected.
The grasping roots grab you!
Pikel is unaffected.
The lemure is unaffected.
The grasping roots constrict you.
The lemure hits your +4 quarterstaff of Xexzoif {spect, *Noise Dex+3 Stlth+}.
Your spectral weapon shares its damage with you!
The grasping roots constrict you!
* * * LOW HITPOINT WARNING * * *
The grasping roots release their grip on you.
The lemure hits you.
* * * LOW HITPOINT WARNING * * *
Pikel misses you. The lemure hits you!
* * * LOW HITPOINT WARNING * * *
Unknown command.
You closely miss Pikel.
Pikel is severely wounded.
Your +4 quarterstaff of Xexzoif {spect, *Noise Dex+3 Stlth+} closely misses Pikel.
The lemure completely misses you.
Pikel zaps a wand.
The roots erupt in riotous growth!
The grasping roots grab you!
Pikel is unaffected.
Your +4 quarterstaff of Xexzoif {spect, *Noise Dex+3 Stlth+} is unaffected.
The lemure is unaffected.
The lemure is unaffected.
The grasping roots constrict you!
You die...

Action                   |  1- 3 |  4- 6 || total
-------------------------+-------+-------++-------
Melee: Unarmed           |   109 |    39 ||   148
       Kick              |    16 |     7 ||    23
       Tailslap          |     8 |     9 ||    17
       Headbutt          |     9 |     6 ||    15
       Punch             |     1 |       ||     1
       Quarterstaff      |       |    13 ||    13
 Cast: Beastly Appendage |    23 |    15 ||    38
       Wereblood         |     1 |     3 ||     4
Armor: Skin              |    32 |    10 ||    42
Dodge: Dodged            |    60 |    28 ||    88

Levels and vault maps discovered:
D:1:      zaba_arrival_water, layout_basic, serial_rivers,
          chequers_serial_rivers_large_a, chequers_serial_rivers_marsh,
          chequers_serial_rivers_room_a, chequers_serial_rivers_large_b,
          chequers_serial_rivers_small_a, chequers_serial_rivers_room_b,
          minmay_misc_feat_secret_circle, hangedman_feature_mirror
D:2:      layout_loops_corners, ebering_ecumenical_altar_webs, st_stairs_11,
          uniq_crazy_yiuf_cottage
D:3:      layout_loops_corners, tgw_xom, grunt_gozag_statues, corner_web_ring,
          hangedman_decor_points
D:4:      layout_cave_pools, uniq_pikel

Notes
Turn   | Place    | Note
-------+----------+-------------------------------------------
     0 | D:1      | sanka the Draconian Transmuter began the quest for the Orb.
     0 | D:1      | Reached XP level 1. HP: 16/16 MP: 3/3
   606 | D:1      | Reached XP level 2. HP: 23/23 MP: 5/5
  1753 | D:1      | Reached XP level 3. HP: 22/28 MP: 4/6
  1914 | D:1      | Learned a level 2 spell: Wereblood
  1918 | D:1      | Learned a level 3 spell: Spider Form
  2261 | D:2      | Reached skill level 3 in Transmutations
  3092 | D:2      | Reached skill level 4 in Unarmed Combat
  3092 | D:2      | Reached XP level 4. HP: 24/35 MP: 7/7
  3253 | D:2      | Found a faded altar of an unknown god.
  3638 | D:2      | Found a runed translucent door.
  3639 | D:2      | Noticed Crazy Yiuf
  4355 | D:3      | Found an opulent altar of Gozag.
  4424 | D:3      | Found a shimmering altar of Xom.
  4690 | D:3      | Identified the +4 quarterstaff of Xexzoif {spect, *Noise
                  | Dex+3 Stlth+}
  5142 | D:4      | Noticed a kobold brigand
  5153 | D:4      | Killed a kobold brigand
  5154 | D:4      | Reached skill level 4 in Transmutations
  5154 | D:4      | Reached XP level 5. HP: 40/40 MP: 4/8
  5165 | D:4      | Noticed a lemure
  5168 | D:4      | Noticed a lemure
  5169 | D:4      | Identified a +1 robe of resistance
  5169 | D:4      | Noticed Pikel
  5170 | D:4      | Noticed a lemure
  5171 | D:4      | Killed a lemure
  5171 | D:4      | Noticed a lemure
  5173 | D:4      | Killed a lemure
  5177 | D:4      | HP: 3/40 [lemure[Pikel] (7)]
  5178 | D:4      | Constricted to death by Pikel

Vanquished Creatures
  2 lemures (D:4)
  A kobold brigand (D:4)
  4 adders
  An orc (D:2)
  5 ball pythons
  5 bats
  9 endoplasms
  5 giant cockroaches
  4 goblins
  4 hobgoblins
  A jackal (D:2)
  6 quokkas
  5 frilled lizards
  5 kobolds
  4 rats
61 creatures vanquished.
